 Dungeon Crawl Stone Soup version 0.22.0-27-ga576289 (webtiles) character file.

7378 lalalala the Fighter (level 10, -3/91 HPs)
             Began as a Minotaur Berserker on Aug 20, 2018.
             Was a High Priest of Trog.
             Killed from afar by a hell hog (16 damage)
             ... with a fireball
             ... on level 1 of the Abyss on Aug 21, 2018.
             The game lasted 01:04:42 (7327 turns).

lalalala the Fighter (Minotaur Berserker)           Turns: 7327, Time: 01:04:43

Health: -3/91      AC: 13    Str: 25    XL:     10   Next: 92%
Magic:  9/9        EV: 10    Int:  4    God:    Trog [*****.]
Gold:   552        SH:  6    Dex: 10    Spells: 9/9 levels left

rFire    . . .     SeeInvis .   q - +3 rapier (protect)
rCold    . . .     Gourm    +   k - +1 buckler
rNeg     . . .     Faith    .   o - +1 chain mail
rPois    +         Spirit   .   (helmet restricted)
rElec    .         Reflect  .   (no cloak)
rCorr    .         Harm     .   t - +0 pair of gloves
MR       +++..                  (no boots)
Stlth    ..........             j - amulet of the gourmand
HPRegen  1.25/turn              f - ring of poison resistance
MPRegen  0.11/turn              P - ring of protection from magic

@: berserk cooldown, regenerating, slowed, very slow
A: retaliatory headbutt, horns 2
a: Berserk, Trog's Hand, Brothers in Arms, Renounce Religion


You were on level 1 of the Abyss.
You worshipped Trog.
Trog was extremely pleased with you.
You were very full.

You visited 2 branches of the dungeon, and saw 11 of its levels.
You visited the Abyss 1 time.
You also visited: Ossuary.

You collected 552 gold pieces.

Inventory:

Hand Weapons
 g - a +0 spear
 n - a +0 blowgun
 q - a +3 rapier of protection (weapon)
 u - a +0 war axe
 A - a +1 morningstar of holy wrath
 G - a +0 short sword of flaming
Missiles
 d - 3 poisoned tomahawks
 M - a javelin of penetration (quivered)
Armour
 e - a +0 ring mail
 k - a +1 buckler (worn)
 o - a +1 chain mail (worn)
 p - a +0 pair of gloves
 t - a +0 pair of gloves (worn)
 I - a +0 chain mail
Jewellery
 f - a ring of poison resistance (left hand)
 j - an amulet of the gourmand (around neck)
 m - an uncursed ring of see invisible
 D - an uncursed ring of positive energy
 H - an uncursed ring of flight
 P - a ring of protection from magic (right hand)
Wands
 K - a wand of iceblast (16)
 O - a wand of random effects (16)
Scrolls
 i - 4 scrolls of remove curse
 x - 4 scrolls of holy word
 B - 2 scrolls of magic mapping
 F - 2 scrolls of teleportation
 L - 2 scrolls of enchant weapon
 N - a scroll of summoning
Potions
 a - 2 potions of mutation
 b - 2 potions of agility
 h - a potion of curing
 l - 3 potions of berserk rage
 r - a potion of lignification {unknown}
 v - 5 potions of haste
 z - a potion of brilliance {unknown}
 E - 2 potions of ambrosia
 J - 2 potions of flight
Comestibles
 c - 15 rations


   Skills:
 + Level 9.2 Fighting
 + Level 9.0 Short Blades
 + Level 2.7(7.3) Axes
 + Level 8.2(8.5) Maces & Flails
 + Level 6.6(6.9) Polearms
 + Level 2.2 Throwing
 + Level 8.5 Armour
 + Level 4.4 Dodging
 + Level 1.3 Stealth
 + Level 5.0 Shields


You had 9 spell levels left.
You didn't know any spells.
Your spell library was empty.

Dungeon Overview and Level Annotations

Branches:
Dungeon (9/15)             Temple (0/1) D:6            Lair (2/6) D:9
  Swamp: Lair:2-4    Shoals: Lair:2-4     Snake: Lair:2-4    Spider: Lair:2-4
    Orc: D:9-12

Altars:
Ashenzari
Elyvilon
Nemelex Xobeh
Yredelemnul
Zin
The Shining One

Shops:
D:7 %

Annotations:
Lair:1 Sonja


Innate Abilities, Weirdness & Mutations

You reflexively headbutt those who attack you in melee.
You have a pair of horns on your head.


Message History

You feel much better. The hell hog closely misses you.
The ufetubus hits you but does no damage.
The ufetubus misses you. The hell hog bites you.
* * * LOW HITPOINT WARNING * * *
The hell hog barely misses you. You furiously retaliate!
You headbutt the hell hog! The hell hog breathes fire at you.
The fireball explodes!
The fireball engulfs you!
* * * LOW HITPOINT WARNING * * *
The fireball engulfs the ufetubus.
The ufetubus is burned terribly!
The ufetubus dies!
The ynoxinul gestures.
As you read the scroll of fog, it crumbles to dust.
The scroll dissolves into smoke.
The hell hog bites you but does no damage. x2
The hell hog closely misses you.
You feel the effects of Trog's Hand fading.
The hell hog breathes fire at you.
The fireball explodes!
The fireball engulfs you!
You die...

. #.##... ....#
.... 5#+#....#
###........#_#
##.#..#3......#
#....#.5#.#.#..
#.#5##.#3h5## ##
.# ..
...###5h###...# .
#...#..#.#h§§§#
.# . . #..
#.###§§@§§#.. .
.#.# . . #...
#....§§§#.....# .
. .#
#...##.#...##....
.. . #.
#.###.###..#... .
..# .. .....(..
.###...## . #
#.... .... ..#..
. . .. ...... #..
#.#.....#.... ..
... .. #.##. #.
.. # .. # . .# §.
.. . .


You could see 2 hell hogs and an ufetubus.

Vanquished Creatures
  Harold (D:8)
  A two-headed ogre (D:8)
  A thrashing horror (Abyss:1)
  Pikel (D:5)
  An ugly thing (D:8)
  Joseph (D:7)
  2 hippogriffs
  A hungry ghost (D:7)
  2 water moccasins
  A slave (D:5)
  3 ice beasts
  A sky beast (D:8)
  3 phantoms
  3 necrophages
  4 ogres
  2 centaurs
  2 crocodiles (Lair:2)
  5 bullfrogs
  2 scorpions (D:8)
  4 killer bees (D:8)
  3 crimson imps
  3 hounds
  3 jellies
  6 centaur zombies (Ossuary)
  A centaur skeleton (D:5)
  3 bullfrog skeletons
  2 iguanas
  5 orc wizards
  4 orc priests
  5 worker ants
  3 big kobold zombies (Ossuary)
  A hound zombie (D:8)
  2 hound skeletons
  6 mummies (Ossuary)
  3 worker ant zombies
  7 adders
  8 gnolls
  2 shadow imps
  A white imp (D:9)
  5 adder skeletons
  A worm (D:4)
  A dart slug (D:5)
  2 leopard geckos
  28 orcs
  8 bats
  3 giant cockroaches
  3 goblins
  9 hobgoblins
  15 jackals
  5 kobolds
  A quokka (D:8)
  4 frilled lizards
  4 goblin skeletons (D:9)
  2 goblin zombies (D:9)
  3 hobgoblin zombies
  2 kobold skeletons (D:9)
  A kobold zombie (D:9)
  An orc skeleton (D:9)
  An orc zombie (D:9)
  A quokka skeleton (D:6)
  4 rats
  A plant (Lair:2)
214 creatures vanquished.

Vanquished Creatures (others)
  A phantom (D:5)
1 creature vanquished.

Grand Total: 215 creatures vanquished

Notes
Turn   | Place    | Note
-------+----------+-------------------------------------------
     0 | D:1      | lalalala the Minotaur Berserker began the quest for the Orb.
     0 | D:1      | Reached XP level 1. HP: 19/19 MP: 0/0
   314 | D:1      | Reached XP level 2. HP: 27/27 MP: 1/1
  1048 | D:2      | Reached XP level 3. HP: 31/34 MP: 2/2
  1220 | D:2      | Found a basalt altar of Yredelemnul.
  1245 | D:3      | Reached skill level 5 in Polearms
  1245 | D:3      | Reached XP level 4. HP: 41/41 MP: 3/3
  1503 | D:3      | Reached ** piety under Trog
  1625 | D:3      | Reached skill level 5 in Fighting
  1625 | D:3      | Reached XP level 5. HP: 34/48 MP: 4/4
  1892 | D:3      | Found a white marble altar of Elyvilon.
  2062 | D:4      | Noticed an ogre
  2068 | D:4      | Killed an ogre
  2068 | D:4      | Reached XP level 6. HP: 57/57 MP: 5/5
  2090 | D:4      | Found a transporter.
  2103 | D:4      | Found a transporter.
  2103 | D:4      | Noticed an ice beast
  2104 | D:4      | Noticed an ice beast
  2115 | D:4      | Killed an ice beast
  2123 | D:4      | Killed an ice beast
  2123 | D:4      | Reached skill level 1 in Short Blades
  2310 | D:4      | Reached XP level 7. HP: 54/62 MP: 6/6
  2610 | D:5      | Entered Level 5 of the Dungeon
  2624 | D:5      | Noticed Pikel
  2658 | D:5      | Killed Pikel
  2658 | D:5      | Reached skill level 5 in Armour
  2658 | D:5      | Reached skill level 1 in Shields
  2713 | D:5      | Reached XP level 8. HP: 70/71 MP: 7/7
  2767 | D:5      | Reached skill level 5 in Short Blades
  3388 | D:6      | Reached *** piety under Trog
  3437 | D:6      | Reached skill level 1 in Stealth
  3660 | D:6      | Found a staircase to the Ecumenical Temple.
  3772 | D:6      | Found a sparkling altar of Nemelex Xobeh.
  3772 | D:6      | Found a shattered altar of Ashenzari.
  3878 | D:6      | Reached skill level 1 in Maces & Flails
  4162 | D:6      | Reached XP level 9. HP: 79/79 MP: 8/8
  4362 | D:7      | Noticed Joseph
  4387 | D:7      | Killed Joseph
  4587 | D:7      | Found a sand-covered staircase.
  4591 | Ossuary  | Entered an ossuary
  4843 | Ossuary  | Reached **** piety under Trog
  4892 | D:7      | Found Ompuyc's Food Shoppe.
  5132 | D:8      | Found a glowing silver altar of Zin.
  5177 | D:8      | Reached skill level 1 in Throwing
  5196 | D:8      | Noticed a two-headed ogre
  5208 | D:8      | Killed a two-headed ogre
  5219 | D:8      | Reached XP level 10. HP: 77/89 MP: 9/9
  5548 | D:8      | Noticed a red ugly thing
  5582 | D:8      | Killed a red ugly thing
  5718 | D:8      | Noticed Harold
  5738 | D:8      | Killed Harold
  6402 | D:8      | Upgraded the game from 0.22.0-25-g7663229 to 0.22.0-27-ga576289
  6485 | D:9      | Found a staircase to the Lair.
  6566 | D:9      | Found a glowing golden altar of the Shining One.
  6648 | D:9      | Reached skill level 1 in Axes
  6698 | D:9      | Reached ***** piety under Trog
  6948 | Lair:1   | Entered Level 1 of the Lair of Beasts
  7236 | Lair:1   | Noticed Sonja
  7269 | Lair:1   | Cast into level 1 of the Abyss (Sonja)
  7291 | Abyss:1  | Noticed a thrashing horror
  7297 | Abyss:1  | Killed a thrashing horror
  7297 | Abyss:1  | Reached skill level 5 in Shields
  7313 | Abyss:1  | Noticed a hell hog
  7316 | Abyss:1  | Found a sacrificial altar of Ru.
  7319 | Abyss:1  | Noticed a hell hog
  7322 | Abyss:1  | Noticed a hell hog
  7327 | Abyss:1  | Killed from afar by a hell hog

Skill      XL: |  1  2  3  4  5  6  7  8  9 10 |
---------------+-------------------------------+-----
Polearms       | 4 5 6 |  6.6
Fighting       | 4 5 6 7 8 9 |  9.2
Armour         | 3 4 5 7 8 |  8.5
Short Blades   | 2 4 7 8 9 |  9.0
Dodging        | 3 4 |  4.4
Shields        | 1 2 3 5 |  5.0
Stealth        | 1 |  1.3
Maces & Flails | 1 6 8 |  8.2
Throwing       | 1 2 |  2.2
Axes           | 2 |  2.7

Action                   |  1- 3 |  4- 6 |  7- 9 | 10-12 || total
-------------------------+-------+-------+-------+-------++-------
Melee: Spear             |    61 |       |       |       ||    61
       Headbutt          |     8 |    10 |    50 |    52 ||   120
       Trident           |     8 |    67 |       |       ||    75
       Rapier            |       |    25 |   156 |    82 ||   263
       Morningstar       |       |       |    78 |   101 ||   179
       War axe           |       |       |       |    38 ||    38
Throw: Tomahawk          |       |     5 |     5 |     6 ||    16
       Javelin           |       |       |       |     9 ||     9
Invok: Berserk           |     1 |     2 |     6 |     3 ||    12
       Trog's Hand       |       |       |       |     1 ||     1
  Use: Scroll            |     3 |     4 |    10 |     7 ||    24
       Potion            |       |     2 |     1 |     5 ||     8
  Eat: Chunk             |     4 |     6 |     6 |    13 ||    29
       Ration            |     1 |     1 |     1 |     1 ||     4
Armor: Ring mail         |    15 |    22 |    37 |       ||    74
       Animal skin       |     1 |       |       |       ||     1
       Chain mail        |       |       |    38 |    83 ||   121
Dodge: Dodged            |    24 |    32 |    96 |   105 ||   257
Block: Buckler           |     1 |    12 |    33 |    50 ||    96
